 Dungeon Crawl Stone Soup version 0.18-a0-1211-g828307d (webtiles) character file.

71 ololoev the Firebug (level 4, -16/24 HPs)
             Began as a Deep Elf Fire Elementalist on Feb 2, 2016.
             Demolished by Menkaure (23 damage)
             ... on level 4 of the Dungeon.
             The game lasted 00:04:17 (446 turns).

ololoev the Firebug (Deep Elf Fire Elementalist)     Turns: 446, Time: 00:04:17

Health: -16/24     AC:  2    Str:  5    XL:     4   Next: 5%
Magic:  24/29      EV: 13    Int: 21    God:
Gold:   36         SH:  0    Dex: 15    Spells: 2 memorised, 5 levels left

rFire  . . .     SeeInvis .     f - +2 spear (venom)
rCold  . . .     Gourm    .     a - +0 robe
rNeg   . . .     Faith    .     (no shield)
rPois  .         Spirit   .     (no helmet)
rElec  .         Dismiss  .     (no cloak)
rCorr  .         Reflect  .     (no gloves)
SustAt .         Harm     .     (no boots)
MR     .....                    (no amulet)
Stlth  ++........               d - ring of magical power
                                h - ring of magical power

@: not resistant to hostile enchantments, unstealthy
A: no striking features
a: no special abilities

Inventory:

Hand Weapons
 f - a +2 spear of venom (weapon)
Armour
 a - a +0 robe (worn)
 g - a +0 buckler
Jewellery
 d - a ring of magical power (right hand)
 h - a ring of magical power (left hand)
Wands
 j - a wand of acid (10/15)
Scrolls
 e - a scroll of recharging {unknown}
 i - a scroll of teleportation {unknown}
Books
 b - a book of Flames

   Spells                             Type                      Level
   a - Flame Tongue                   Conjuration/Fire             1
   b - Throw Flame                    Conjuration/Fire             2
   c - Conjure Flame                  Conjuration/Fire             3
   d - Inner Flame                    Hexes/Fire                   3
   e - Sticky Flame                   Conjuration/Fire             4
   f - Fireball                       Conjuration/Fire             5
Comestibles
 c - a bread ration
 k - a beef jerky
 l - 3 chunks of flesh


   Skills:
 - Level 2.4 Dodging
 - Level 2.4 Stealth
 + Level 3.6 Spellcasting
 * Level 3.2 Conjurations
 + Level 3.9 Fire Magic


You had 5 spell levels left.
You knew the following spells:

 Your Spells              Type           Power        Failure   Level  Hunger
a - Flame Tongue          Conj/Fire      ###..        2%          1    None
c - Sticky Flame          Conj/Fire      ###.....     28%         4    ####...


You were on level 4 of the Dungeon.
You were not hungry.

You visited 1 branch of the dungeon, and saw 5 of its levels.

You collected 36 gold pieces.

.................#
.................#
.................#
.................#
................##
................#
................#
................#
.............@.##
...#........M###
##..######...(#
##. ##....# #
##...# ##.M.#
#.... #.... #....

Notes
Turn   | Place    | Note
--------------------------------------------------------------
     0 | D:1      | ololoev the Deep Elf Fire Elementalist began the quest for the Orb.
     0 | D:1      | Reached XP level 1. HP: 10/10 MP: 6/6
    62 | D:2      | Reached XP level 2. HP: 15/15 MP: 1/8
   233 | D:5      | Entered Level 5 of the Dungeon
   273 | D:3      | Reached XP level 3. HP: 7/19 MP: 9/9
   348 | D:2      | Found a shattered altar of Ashenzari.
   427 | D:4      | Reached XP level 4. HP: 24/24 MP: 11/11
   430 | D:4      | Noticed Menkaure
   440 | D:4      | Learned a level 4 spell: Sticky Flame
   446 | D:4      | Demolished by Menkaure

Dungeon Overview and Level Annotations

Branches:
Dungeon (5/15)
 Temple: D:4-7

Altars:
Ashenzari

Annotations:
D:4 Menkaure


Message History

Memorise Sticky Flame, consuming 4 spell levels and leaving 5?
You start memorising the spell.
You continue memorising. x4
You finish memorising.
Spell assigned to 'b'.
Adjust (i)tems, (s)pells, or (a)bilities?
Adjust which spell? b - Sticky Flame Adjust to which letter? c - Sticky Flame Menkaure mumbles some strange words.
Menkaure seems to speed up.
Menkaure hits you!
Ouch! That really hurt!
Casting: Flame Tongue
Confirm with . or Enter, or press ? or * to list all spells.
Aiming: Sticky Flame
Press: ? - help, Shift-Dir - straight line, f - Menkaure
Aim: Menkaure (fast)
The sticky flame hits Menkaure.
Menkaure is burned terribly!
Menkaure is lightly damaged.
Menkaure is covered in liquid flames!
Menkaure burns!
Menkaure calls on the powers of darkness!
Your body is wracked with pain!
Casting: Sticky Flame
Confirm with . or Enter, or press ? or * to list all spells.
Aiming: Flame Tongue
Press: ? - help, Shift-Dir - straight line, f/p - Menkaure
Aim: Menkaure (moderately damaged, fast, covered in liquid flames)
Okay, then.
You aren't carrying any potions.
Unknown command.
Casting: Flame Tongue
Confirm with . or Enter, or press ? or * to list all spells.
Aiming: Flame Tongue
Press: ? - help, Shift-Dir - straight line, f/p - Menkaure
Aim: Menkaure (moderately damaged, fast, covered in liquid flames)
The flame tongue hits Menkaure.
Menkaure is burned terribly!
Menkaure is severely damaged.
Menkaure burns!
Menkaure hits you!!
Ouch! That really hurt!
You die...

You could see Menkaure (burning).

Vanquished Creatures
  5 adders
  2 worms (D:2)
  2 giant geckos
  4 goblins
  2 hobgoblins
  A quokka (D:3)
  A ball python (D:1)
  2 bats (D:2)
  2 giant newts (D:2)
  A rat (D:3)
22 creatures vanquished.

Action                   |  1- 3 |  4- 6 || total
-------------------------+-------+-------++-------
Melee: Unarmed           |     3 |       ||     3
       Spear             |    10 |       ||    10
Throw: Stone             |     3 |       ||     3
 Cast: Flame Tongue      |    29 |     2 ||    31
       Sticky Flame      |       |     1 ||     1
  Use: Potion            |     3 |       ||     3
 Stab: Sleeping          |     2 |       ||     2

Vault maps used:
D:1:      minmay_arrival_glassed_features
D:2:      evilmike_ruin_ashenzari, ecumenical_altar_2, uniq_natasha
D:3:      uniq_terence
D:4:      uniq_menkaure
D:5:      first_bread, basic_altar, trog_wizard
